[Event "Titled Tuesday Blitz June 28 Early 2022"]
[White "Djabri,Massinas"]
[Black "Sokolovsky, Yahli"]
[WhiteFideId "7905726"]
[BlackFideId "2820242"]
[WhiteElo "1941"]
[BlackElo "1770"]
[Result "1-0"]
[Round "07"]
[TimeControl "180+1"]
[Date "2022.06.28"]
[WhiteClock "0:00:43"]
[BlackClock "0:00:01"]

1. d4 d6 2. Bf4 c5 3. e3 Nf6 4. c3 cxd4 5. exd4 g6 6. Nf3 Bg7 7. h3 O-O 8. Bd3 Nc6 9. O-O Re8 10. Qe2 e5 11. dxe5 dxe5 12. Bg5 h6 13. Bxf6 Qxf6 14. Bc4 e4 15. Nd4 Nxd4 16. cxd4 Qxd4 17. Nc3 Be6 18. Bxe6 Rxe6 19. Rad1 Qb6 20. Nd5 Qd8 21. Qb5 Rd6 22. Rd2 b6 23. Rfd1 Kh8 24. Qe2 Qd7 25. Nxb6 Rxd2 26. Rxd2 Qc6 27. Nxa8 Qxa8 28. Rd7 Qc6 29. Rxf7 Qc1+ 30. Kh2 Qc6 31. Rxa7 Bd4 32. Ra6 Qc7+ 33. g3 e3 34. fxe3 Be5 35. Qf2 Kg7 36. e4 Qc4 37. Ra7+ Kg8 38. b3 Qxe4 39. Qf7+ 1-0


[Site "https://www.chess.com"]

[Event "Titled Tuesday Blitz June 28 Early 2022"]
[White "Djokic, Mihailo"]
[Black "Reprintsev, Alexander"]
[WhiteFideId "976440"]
[BlackFideId "14100541"]
[WhiteElo "2255"]
[BlackElo "2108"]
[Result "0-1"]
[Round "07"]
[TimeControl "180+1"]
[Date "2022.06.28"]
[WhiteClock "0:00:02"]
[BlackClock "0:00:05"]

1. e4 d5 2. exd5 Qxd5 3. Nc3 Qa5 4. Bc4 Nf6 5. d3 Bg4 6. f3 Be6 7. Bxe6 fxe6 8. Qe2 Nc6 9. Be3 e5 10. Qd2 Nd4 11. Nge2 O-O-O 12. O-O-O e6 13. Kb1 Bb4 14. Qc1 Nxe2 15. Nxe2 Be7 16. Bd2 Qa6 17. Bc3 Bd6 18. b3 Nd5 19. Bb2 Rhe8 20. Ng3 Nb4 21. a3 Nc6 22. Ne4 Nd4 23. Rhe1 Nb5 24. a4 Nd4 25. Nxd6+ cxd6 26. Re4 Nc6 27. Qd2 Qb6 28. Rde1 h6 29. Rg4 Rd7 30. h4 Kb8 31. h5 Rc8 32. Rc4 a5 33. Qe3 Qc7 34. Qf2 Qd8 35. Rg4 Qf8 36. Rg6 Qf5 37. g4 Qf7 38. Qb6 Rdc7 39. Rf1 d5 40. Rf2 Re8 41. Qb5 Kc8 42. Qb6 Ree7 43. Qe3 d4 44. Qe4 Red7 45. f4 Ne7 46. Rf3 Nxg6 47. hxg6 Qe7 48. fxe5 Qc5 49. Qe2 Rd5 50. Qf2 Kb8 51. Rf7 Rxe5 52. Rf8+ Rc8 53. Rxc8+ Kxc8 54. Bxd4 Re1+ 55. Qxe1 Qxd4 56. Qxe6+ Kb8 57. Qf5 b6 58. Ka2 Ka7 59. Kb1 Ka6 60. Kc1 Ka7 61. Qb5 Qxg4 0-1


[Site "https://www.chess.com"]

[Event "Titled Tuesday Blitz June 28 Early 2022"]
[White "Dubov, Daniil"]
[Black "Bluebaum, Matthias"]
[WhiteFideId "24126055"]
[BlackFideId "24651516"]
[WhiteElo "2791"]
[BlackElo "2556"]
[Result "1-0"]
[Round "07"]
[TimeControl "180+1"]
[Date "2022.06.28"]
[WhiteClock "0:00:54"]
[BlackClock "0:00:10"]

1. d4 d5 2. c4 e6 3. Nf3 Nf6 4. Bg5 Bb4+ 5. Nbd2 h6 6. Bxf6 Qxf6 7. e3 O-O 8. Rc1 c6 9. a3 Bd6 10. Bd3 Qd8 11. e4 dxe4 12. Nxe4 Be7 13. O-O Nd7 14. c5 Qc7 15. Qe2 b6 16. b4 bxc5 17. bxc5 Rb8 18. Rfe1 Qa5 19. Nfd2 Qa4 20. Nc4 Ba6 21. Nc3 Qb3 22. Na5 Bxd3 23. Qxd3 Qxa3 24. Nxc6 Rbe8 25. Ra1 Nxc5 26. Qc4 Qb3 27. Nxe7+ Rxe7 28. Qxc5 Ree8 29. Reb1 Qc2 30. Rc1 Qg6 31. Rxa7 Rb8 32. h3 Rb2 33. Nd5 Qg5 34. Qxf8+ Kxf8 35. Rc8+ Qd8 36. Rxd8# 1-0


[Site "https://www.chess.com"]

[Event "Titled Tuesday Blitz June 28 Early 2022"]
[White "Dudzinski, Pawel"]
[Black "Perez Gormaz, Matias"]
[WhiteFideId "1117890"]
[BlackFideId "3406342"]
[WhiteElo "2011"]
[BlackElo "2341"]
[Result "0-1"]
[Round "07"]
[TimeControl "180+1"]
[Date "2022.06.28"]
[WhiteClock "0:00:04"]
[BlackClock "0:00:50"]

1. e4 d5 2. e5 c5 3. f4 h5 4. Nf3 Nc6 5. Bb5 Qc7 6. d4 Bg4 7. h3 Bxf3 8. Qxf3 e6 9. c3 h4 10. f5 Ne7 11. fxe6 fxe6 12. O-O Nf5 13. Bg5 cxd4 14. Bxc6+ Qxc6 15. cxd4 Qb6 16. Nc3 Qxd4+ 17. Kh2 Qxe5+ 18. Bf4 Qf6 19. Rae1 Be7 20. Nxd5 exd5 21. Qxd5 Rd8 22. Qb5+ Rd7 23. Be5 Qg6 24. Rd1 Qc6 25. Qxc6 bxc6 26. Rxd7 Kxd7 27. Rxf5 Ke6 28. Bxg7 Rg8 29. Re5+ Kd7 30. Bh6 Bd6 31. Bf4 Bxe5 32. Bxe5 Ke6 33. Bc3 Kf5 34. Kg1 Ke4 35. Kf2 c5 36. a3 c4 37. Bd2 Rg6 38. Bc3 a6 39. Bd2 Rf6+ 40. Ke2 Rb6 41. Bc3 a5 42. Kf2 a4 43. g3 hxg3+ 44. Kxg3 Rg6+ 45. Kh2 Kf3 46. h4 Kg4 47. Kg2 Kxh4+ 48. Kf3 Re6 49. Kf4 Kh3 50. Kf3 Re8 51. Bd4 Kh4 52. Kf4 Kh3 53. Kf3 Re6 54. Bc3 Rd6 55. Be5 Rd3+ 56. Ke4 Kg4 57. Bc3 Kg3 58. Ke5 Kf2 59. Ke4 Ke2 60. Be5 Kd2 61. Kf5 Kc2 62. Ke6 Re3 63. Kd5 Rxe5+ 64. Kxe5 Kxb2 65. Kd4 c3 0-1


[Site "https://www.chess.com"]

[Event "Titled Tuesday Blitz June 28 Early 2022"]
[White "Dushyant Sharma"]
[Black "Papp, Levente"]
[WhiteFideId "25065130"]
[BlackFideId "751243"]
[WhiteElo "2105"]
[BlackElo "2308"]
[Result "1-0"]
[Round "07"]
[TimeControl "180+1"]
[Date "2022.06.28"]
[WhiteClock "0:00:07"]
[BlackClock "0:00:02"]

1. e4 e6 2. d4 d5 3. exd5 exd5 4. Bd3 Nc6 5. Nf3 Bg4 6. O-O Bd6 7. c3 Nge7 8. Be3 Qd7 9. Nbd2 O-O 10. Qc2 Bf5 11. Rae1 Rfe8 12. b4 Bxd3 13. Qxd3 Qf5 14. Qxf5 Nxf5 15. Re2 f6 16. Rfe1 Kf7 17. g4 Nfe7 18. h3 a5 19. b5 Na7 20. a4 Nac8 21. c4 dxc4 22. Nxc4 Nd5 23. Bd2 Rxe2 24. Rxe2 Bb4 25. Kh2 Ncb6 26. Nb2 Rd8 27. Kg3 Bxd2 28. Rxd2 Rd7 29. Rd3 g5 30. h4 h6 31. hxg5 hxg5 32. Ng1 Nf4 33. Rd2 Kg6 34. Kf3 Nbd5 35. Nc4 b6 36. Ne3 Nc3 37. Nf5 Nxa4 38. d5 Nc3 39. d6 cxd6 40. Rc2 Nxb5 41. Rb2 Nc3 42. Rxb6 a4 43. Nxd6 Ncd5 44. Ra6 Nc7 45. Ra7 Rxd6 46. Rxc7 a3 47. Ra7 Rd1 48. Ne2 Nxe2 49. Kxe2 Ra1 50. Kf3 Ra2 51. Kg2 Ra1 52. Kh2 f5 53. Ra6+ Kf7 54. gxf5 Rf1 55. Kg2 Ra1 56. Kf3 Ra2 57. Kg4 Rxf2 58. Kxg5 a2 59. Ra7+ Ke8 60. Kf6 Kd8 61. Kg6 Rg2+ 62. Kf7 Rf2 63. f6 Rg2 64. Kf8 Rf2 65. f7 Rg2 66. Ra3 Rf2 67. Rd3+ Kc7 68. Rd1 Rd2 69. Rc1+ Kd7 70. Rg1 Rg2 71. Rd1+ Kc7 72. Ke8 Re2+ 73. Kf8 Rd2 74. Rc1+ Kd7 75. Ra1 Re2 76. Rd1+ Kc7 77. Rg1 Rg2 78. Rxg2 a1=Q 79. Kg8 Qe5 80. f8=Q Qd5+ 81. Qf7+ Kc6 82. Rg6+ Kc5 83. Qxd5+ Kxd5 84. Kf7 1-0


[Site "https://www.chess.com"]

[Event "Titled Tuesday Blitz June 28 Early 2022"]
[White "Elgersma, Onno"]
[Black "Mogirzan, Matei-Valeriu"]
[WhiteFideId "1053531"]
[BlackFideId "1257455"]
[WhiteElo "2304"]
[BlackElo "1733"]
[Result "0-1"]
[Round "07"]
[TimeControl "180+1"]
[Date "2022.06.28"]
[WhiteClock "0:00:12"]
[BlackClock "0:00:03"]

1. e4 c5 2. Nf3 b6 3. d4 cxd4 4. Nxd4 Bb7 5. Nc3 e6 6. Bd3 Nc6 7. Nxc6 Bxc6 8. O-O d6 9. a4 a6 10. f4 Nf6 11. f5 Be7 12. Kh1 e5 13. Bg5 Nd7 14. Bxe7 Qxe7 15. Bc4 Nf6 16. Qd3 O-O 17. Rad1 Rfd8 18. Bxa6 d5 19. exd5 Nxd5 20. Nxd5 Bxd5 21. Qe2 Qg5 22. Bb5 h5 23. Qf2 Rac8 24. c3 h4 25. h3 Rd6 26. Kh2 Rcd8 27. Rde1 e4 28. Qe3 Qf6 29. Kh1 g5 30. fxg6 Qxg6 31. Rf4 Qg7 32. Ref1 Rg6 33. R4f2 Rg3 34. Qxb6 Rf8 35. Bc6 e3 36. Bxd5 exf2 37. Qxf2 Rg5 38. Bf3 Rg6 39. Qxh4 Rh6 40. Qf2 Rg6 41. Kh2 Re8 42. a5 Re5 43. a6 Rxa6 44. Rd1 Rg6 45. Rd8+ Kh7 46. Rd4 Reg5 47. Rh4+ Kg8 48. c4 Qe5+ 49. Kh1 Rd6 50. Rg4 Rxg4 51. Bxg4 Ra6 52. g3 Ra1+ 53. Kg2 Ra2 54. Qf4 Rxb2+ 55. Kf3 Qe2# 0-1


[Site "https://www.chess.com"]

[Event "Titled Tuesday Blitz June 28 Early 2022"]
[White "Estrada Nieto, Julian"]
[Black "Schmakel, Sam"]
[WhiteFideId "5101018"]
[BlackFideId "2039311"]
[WhiteElo "2252"]
[BlackElo "2356"]
[Result "1-0"]
[Round "07"]
[TimeControl "180+1"]
[Date "2022.06.28"]
[WhiteClock "0:00:51"]
[BlackClock "0:00:15"]

1. e4 c5 2. Nf3 e6 3. c3 Nf6 4. e5 Nd5 5. Bc4 Nb6 6. Bb3 d6 7. d4 cxd4 8. cxd4 dxe5 9. Nxe5 N8d7 10. Nf3 Bd6 11. Nc3 Nf6 12. O-O O-O 13. Bg5 h6 14. Bh4 Be7 15. Ne5 Bd7 16. Qf3 Bc6 17. Nxc6 bxc6 18. Rfd1 Nbd5 19. Rac1 Rb8 20. Bg3 Rb4 21. Na4 Qa5 22. Nc5 Rd8 23. Qe2 Bxc5 24. Rxc5 Qb6 25. Qc2 Rc8 26. h3 a5 27. Rd2 a4 28. Bxa4 Ne4 29. Qxe4 Qxc5 30. Bc2 f5 31. Qxe6+ 1-0


[Site "https://www.chess.com"]

[Event "Titled Tuesday Blitz June 28 Early 2022"]
[White "Fecker, Noah"]
[Black "Pulpan, Jakub"]
[WhiteFideId "1334263"]
[BlackFideId "302759"]
[WhiteElo "2312"]
[BlackElo "2495"]
[Result "1-0"]
[Round "07"]
[TimeControl "180+1"]
[Date "2022.06.28"]
[WhiteClock "0:01:01"]
[BlackClock "0:00:43"]

1. e4 e5 2. Nf3 Nc6 3. Bb5 Nf6 4. Qe2 Bd6 5. O-O a6 6. Bxc6 dxc6 7. d4 Nd7 8. Rd1 Qe7 9. c3 f6 10. Nbd2 Nf8 11. Nc4 Be6 12. Be3 O-O-O 13. Nxd6+ cxd6 14. dxe5 fxe5 15. Bg5 Qd7 16. Nxe5 dxe5 17. Bxd8 Qf7 18. Bh4 Nd7 19. Rd6 g5 20. Bg3 h5 21. h3 h4 22. Bh2 g4 23. hxg4 h3 24. Rad1 hxg2 25. f3 Rh3 26. Kxg2 Rh6 27. Qf2 Qh7 28. Qg3 b5 29. Rxc6+ Kd8 30. Qxe5 Ke7 31. Rxd7+ Kf8 32. Rc8# 1-0


[Site "https://www.chess.com"]

[Event "Titled Tuesday Blitz June 28 Early 2022"]
[White "Fernandez Hernandez, Gerardo"]
[Black "Heinemann, Josefine"]
[WhiteFideId "2207400"]
[BlackFideId "12900460"]
[WhiteElo "2229"]
[BlackElo "2300"]
[Result "0-1"]
[Round "07"]
[TimeControl "180+1"]
[Date "2022.06.28"]
[WhiteClock "0:00:02"]
[BlackClock "0:00:34"]

1. e4 c6 2. d4 d5 3. e5 c5 4. dxc5 e6 5. Be3 Nd7 6. Bb5 Ne7 7. c3 Nc6 8. Nf3 Bxc5 9. Bd4 O-O 10. O-O a6 11. Bxc6 bxc6 12. Nbd2 Rb8 13. Nb3 Bb6 14. a4 c5 15. Be3 a5 16. Bf4 Ba6 17. Re1 Qc7 18. Qd2 Ba7 19. Nc1 Rb7 20. h4 Rfb8 21. b3 c4 22. bxc4 Bxc4 23. Nd3 Nc5 24. Nxc5 Bxc5 25. Bg5 Rb2 26. Qf4 Bxf2+ 27. Kh1 Bxe1 28. Rxe1 Rb1 29. Rxb1 Rxb1+ 30. Kh2 h6 31. Bxh6 gxh6 32. Qxh6 Bd3 33. Qg5+ Kf8 34. Qf6 Ke8 35. Ng5 Qe7 36. Qh8+ Kd7 0-1


[Site "https://www.chess.com"]

[Event "Titled Tuesday Blitz June 28 Early 2022"]
[White "Ferreira, Vitor Hugo Vieira"]
[Black "Sanchez, Robert"]
[WhiteFideId "2119765"]
[BlackFideId "2034360"]
[WhiteElo "2165"]
[BlackElo "2070"]
[Result "0-1"]
[Round "07"]
[TimeControl "180+1"]
[Date "2022.06.28"]
[WhiteClock "0:00:21"]
[BlackClock "0:00:36"]

1. d4 d5 2. c4 e6 3. Nc3 Be7 4. Bf4 Nf6 5. e3 O-O 6. h3 c6 7. Nf3 Nbd7 8. Bd3 b6 9. O-O Bb7 10. Re1 c5 11. cxd5 Nxd5 12. Nxd5 Bxd5 13. a3 Bb7 14. Qe2 cxd4 15. exd4 Nf6 16. Rad1 Qd5 17. Bc4 Qf5 18. Be5 Rac8 19. Bd3 Bxf3 20. Qxf3 Qxf3 21. gxf3 Rfd8 22. Re2 Nd5 23. Ba6 Rc6 24. Bb5 Rcc8 25. Ba6 Rc6 26. Bd3 Bd6 27. Be4 Bxe5 28. dxe5 Kf8 29. Red2 Rc5 30. b4 Rc3 31. Rd3 Rxd3 32. Rxd3 Ke7 33. Bxd5 Rxd5 34. Rxd5 exd5 35. f4 Ke6 36. Kg2 Kf5 37. Kf3 d4 38. b5 h6 39. a4 g6 40. h4 h5 41. Ke2 Kxf4 42. Kd3 Kxe5 43. f4+ Kd5 44. f5 gxf5 0-1


[Site "https://www.chess.com"]

[Event "Titled Tuesday Blitz June 28 Early 2022"]
[White "Flynn, Jacob"]
[Black "Ianov, Viktor"]
[WhiteFideId "2509393"]
[BlackFideId "14102730"]
[WhiteElo "1896"]
[BlackElo "2152"]
[Result "0-1"]
[Round "07"]
[TimeControl "180+1"]
[Date "2022.06.28"]
[WhiteClock "0:00:57"]
[BlackClock "0:01:22"]

1. d4 d6 2. Nf3 g6 3. c4 Bg7 4. g3 Nf6 5. Bg2 O-O 6. O-O c6 7. Nc3 Bf5 8. Nh4 Be6 9. d5 cxd5 10. cxd5 Bd7 11. Qb3 Qc8 12. Re1 Na6 13. e4 Nc5 14. Qd1 Ng4 15. Nf3 b5 16. Nd4 b4 17. Nce2 Ne5 18. Nf4 Qb7 19. Bf1 a5 20. Ng2 Rfc8 21. Nf4 a4 22. h3 b3 23. axb3 axb3 24. Rxa8 Rxa8 25. Re3 Ba4 26. Nfe2 Nc4 27. Nc3 Nxe3 28. Bxe3 Bd7 29. Bc4 Bxh3 30. Nc6 Bxc3 31. bxc3 b2 0-1


[Site "https://www.chess.com"]

[Event "Titled Tuesday Blitz June 28 Early 2022"]
[White "Gaisinsky, Adam"]
[Black "Manukian, Artak"]
[WhiteFideId "2620561"]
[BlackFideId "13301373"]
[WhiteElo "1965"]
[BlackElo "2467"]
[Result "0-1"]
[Round "07"]
[TimeControl "180+1"]
[Date "2022.06.28"]
[WhiteClock "0:00:04"]
[BlackClock "0:00:42"]

1. d4 Nf6 2. Nf3 d5 3. Bf4 Bg4 4. Ne5 Bf5 5. e3 Nbd7 6. c4 c6 7. Qb3 Qb6 8. c5 Qxb3 9. axb3 Nxe5 10. Bxe5 Nd7 11. Bg3 e5 12. b4 Bxb1 13. Rxb1 a6 14. Kd2 f6 15. Ra1 Rc8 16. Be2 h5 17. h4 g6 18. Bd3 Kf7 19. f4 exd4 20. exd4 f5 21. Rae1 Bg7 22. Bf2 Nf6 23. Rhf1 Rcd8 24. g3 Rhe8 25. Rxe8 Rxe8 26. Re1 Ne4+ 27. Bxe4 Rxe4 28. Rxe4 fxe4 29. Ke3 Kf6 30. Ke2 Kf5 31. Kf1 e3 32. Bxe3 Ke4 33. Ke2 Bxd4 34. Bxd4 Kxd4 35. Kf3 Kd3 36. g4 hxg4+ 37. Kxg4 Ke4 38. Kg5 d4 39. f5 gxf5 40. h5 d3 41. h6 d2 42. h7 d1=Q 43. h8=Q Qg4+ 44. Kf6 f4 45. Qh7+ Ke3 46. Qe7+ Kf2 47. Qxb7 f3 48. Qxc6 Qxb4 49. Qb6 Qd4+ 50. Ke6 Ke3 51. Qd6 f2 52. Qxd4+ Kxd4 53. c6 f1=Q 54. c7 Qh3+ 55. Kd6 Qc8 56. Kc6 Kc4 57. Kb6 Kb3 0-1


[Site "https://www.chess.com"]

[Event "Titled Tuesday Blitz June 28 Early 2022"]
[White "Garcia Cuenca, Victor"]
[Black "Gatterer, Florian"]
[WhiteFideId "2250829"]
[BlackFideId "811688"]
[WhiteElo "2317"]
[BlackElo "2218"]
[Result "0-1"]
[Round "07"]
[TimeControl "180+1"]
[Date "2022.06.28"]
[WhiteClock "0:01:44"]
[BlackClock "0:00:16"]

1. d3 d5 2. e4 dxe4 3. dxe4 Qxd1+ 4. Kxd1 e5 5. c3 Be6 6. Kc2 Bc5 7. f3 Nd7 8. a4 a5 9. Nd2 O-O-O 10. Bc4 Bxc4 11. Nxc4 b6 12. Ne2 Ne7 13. Bd2 f6 14. Nc1 Nc6 15. Nd3 Be7 16. Be3 h5 17. Rhb1 Nc5 18. Nxc5 Bxc5 19. Bxc5 bxc5 20. Ne3 Rd7 21. Rd1 Rhd8 22. Rxd7 Rxd7 23. Nc4 Kd8 24. g3 Ke7 25. f4 exf4 26. gxf4 Kf7 27. h4 Re7 28. Re1 Kg6 29. Kd3 Rd7+ 30. Ke3 Kf7 31. Re2 Rd8 32. Rd2 Rxd2 33. Nxd2 g6 34. Kd3 g5 35. fxg5 fxg5 36. hxg5 h4 37. Nf3 h3 38. Ke2 Kg6 39. Kf2 Nd8 40. Kg3 Ne6 41. Kxh3 Nf4+ 42. Kg3 Nd3 43. Ne5+ Nxe5 44. Kf4 Nd3+ 45. Ke3 Nxb2 46. e5 Nxa4 47. Kd3 Nb6 0-1


[Site "https://www.chess.com"]

[Event "Titled Tuesday Blitz June 28 Early 2022"]
[White "Garv Gaur"]
[Black "Ladopoulos, Dimitrios"]
[WhiteFideId "45030839"]
[BlackFideId "4239580"]
[WhiteElo "1950"]
[BlackElo "2195"]
[Result "0-1"]
[Round "07"]
[TimeControl "180+1"]
[Date "2022.06.28"]
[WhiteClock "0:00:03"]
[BlackClock "0:00:06"]

1. d4 e6 2. Nf3 b6 3. c4 Bb7 4. g3 Bb4+ 5. Bd2 Bxf3 6. exf3 Bxd2+ 7. Qxd2 d5 8. Bg2 Ne7 9. f4 Nbc6 10. O-O dxc4 11. Rd1 O-O 12. Na3 Rc8 13. Nxc4 Nd5 14. Ne5 Nxe5 15. dxe5 c6 16. f5 Qe7 17. f6 gxf6 18. exf6 Qxf6 19. Qe2 Kh8 20. Rac1 Rfd8 21. h3 c5 22. Rc4 Ne7 23. Rf4 Nf5 24. g4 Qg5 25. Rxd8+ Rxd8 26. Qe4 Rd1+ 27. Kh2 Nd6 28. Qf3 e5 29. Rf6 Rd4 30. Rxd6 Rxd6 31. Qe2 Qf4+ 32. Kg1 Kg7 33. Be4 Rd2 34. Qe1 Rxb2 35. Bf5 Rxa2 36. Kg2 Rb2 37. Qf1 a5 38. Bb1 a4 39. Kh1 a3 40. Qd3 Qc1+ 41. Kg2 Rxb1 42. Qf5 Qh1+ 43. Kg3 Rb3+ 44. Kh4 Qxh3+ 45. Kg5 Qh6# 0-1


[Site "https://www.chess.com"]

[Event "Titled Tuesday Blitz June 28 Early 2022"]
[White "Ghazarian, Kirk"]
[Black "Boraso, Alessio"]
[WhiteFideId "30908604"]
[BlackFideId "848077"]
[WhiteElo "2003"]
[BlackElo "2286"]
[Result "1-0"]
[Round "07"]
[TimeControl "180+1"]
[Date "2022.06.28"]
[WhiteClock "0:01:11"]
[BlackClock "0:00:02"]

1. e4 Nf6 2. e5 Nd5 3. c4 Nb6 4. d4 d6 5. exd6 cxd6 6. Nc3 g6 7. Be3 Bg7 8. Nf3 O-O 9. Rc1 Bg4 10. b3 e5 11. Be2 Nc6 12. d5 Ne7 13. O-O Nf5 14. Bd2 Bxf3 15. Bxf3 Nd4 16. Be2 Nd7 17. Be3 a6 18. Ne4 Qe7 19. Bxd4 exd4 20. Bd3 f5 21. Nd2 Rae8 22. Nf3 Nc5 23. Re1 Qf6 24. Qd2 Ne4 25. Qb4 Re7 26. a4 Rfe8 27. Qb6 Nc5 28. Rxe7 Qxe7 29. Bf1 d3 30. Rd1 Bc3 31. h4 h6 32. Bxd3 Nxd3 33. Rxd3 Bb2 34. Re3 Be5 35. c5 Qd8 36. Qxd8 Rxd8 37. Nxe5 dxe5 38. Rxe5 Kf7 39. f4 Kf6 40. b4 a5 41. bxa5 Rc8 42. d6 Ra8 43. g3 Kf7 44. Re7+ Kf6 45. Rxb7 Rxa5 46. c6 1-0


[Site "https://www.chess.com"]

[Event "Titled Tuesday Blitz June 28 Early 2022"]
[White "Gubajdullin, Alexei"]
[Black "Torres Cueto, Jesus Marcial"]
[WhiteFideId "4141202"]
[BlackFideId "4415280"]
[WhiteElo "2280"]
[BlackElo "2055"]
[Result "1-0"]
[Round "07"]
[TimeControl "180+1"]
[Date "2022.06.28"]
[WhiteClock "0:01:11"]
[BlackClock "0:00:11"]

1. c4 Nf6 2. Nf3 e6 3. g3 d5 4. b3 Be7 5. Bb2 O-O 6. Bg2 b6 7. O-O Bb7 8. e3 Nbd7 9. Nc3 c5 10. d3 a6 11. Qe2 Rc8 12. Rad1 Qc7 13. Ne1 Qb8 14. f4 Rfd8 15. g4 Ne8 16. g5 d4 17. Ne4 dxe3 18. Rf3 Bxe4 19. dxe4 e5 20. Rh3 g6 21. Qg4 Qb7 22. Rd5 exf4 23. Rxh7 Ndf6 24. gxf6 Bxf6 25. e5 Qc7 26. exf6 Rxd5 27. Bxd5 Kxh7 28. Qh4+ Kg8 29. Qh6 Rd8 30. Qxg6+ Kh8 31. Qh6+ Kg8 32. Nf3 Rxd5 33. cxd5 e2 34. Kf2 Qd6 35. Ng5 Nxf6 36. Bxf6 Qxf6 37. Qxf6 1-0


[Site "https://www.chess.com"]

[Event "Titled Tuesday Blitz June 28 Early 2022"]
[White "Gurevich, Dmitry"]
[Black "Skliarov, Viktor"]
[WhiteFideId "2000407"]
[BlackFideId "14106736"]
[WhiteElo "2506"]
[BlackElo "2229"]
[Result "1/2-1/2"]
[Round "07"]
[TimeControl "180+1"]
[Date "2022.06.28"]
[WhiteClock "0:00:08"]
[BlackClock "0:00:06"]

1. d4 Nf6 2. c4 e6 3. g3 c5 4. Nf3 b6 5. Bg2 Bb7 6. O-O cxd4 7. Qxd4 Nc6 8. Qf4 d6 9. Rd1 Be7 10. Nc3 a6 11. b3 Qc7 12. Bb2 O-O 13. Rac1 Ne5 14. Nxe5 dxe5 15. Qd2 Bxg2 16. Kxg2 Qc6+ 17. Kg1 Rfd8 18. Qe3 Bc5 19. Qf3 e4 20. Qf4 e3 21. f3 Rd2 22. Rb1 Rad8 23. Kf1 h6 24. Ke1 b5 25. Rxd2 exd2+ 26. Kf1 bxc4 27. Qxc4 Nd5 28. Nd1 Qb6 29. a3 Bf2 30. Qe4 Be1 31. b4 f6 32. Bd4 Qb5 33. Bc5 Kf7 34. Qc2 Rc8 35. a4 Rxc5 36. Qxc5 Qxa4 37. b5 axb5 38. Qxb5 Qxd1 39. Rxd1 Ne3+ 40. Kg1 Nxd1 41. Qd7+ Kg6 42. Qe8+ Kh7 43. Qxe6 Ne3 44. Qxe3 d1=Q 45. Qe4+ Kg8 46. Qe8+ Kh7 47. Qe4+ g6 48. Qe7+ Kg8 49. Qe8+ Kg7 50. Qe7+ Kg8 51. Qe8+ Kg7 52. Qe7+ Kg8 1/2-1/2


[Site "https://www.chess.com"]

[Event "Titled Tuesday Blitz June 28 Early 2022"]
[White "Harvey, Marcus R"]
[Black "Shuvalov, Evgenij"]
[WhiteFideId "400092"]
[BlackFideId "4187237"]
[WhiteElo "2485"]
[BlackElo "2023"]
[Result "1-0"]
[Round "07"]
[TimeControl "180+1"]
[Date "2022.06.28"]
[WhiteClock "0:00:17"]
[BlackClock "0:00:10"]

1. d4 Nf6 2. c4 c5 3. d5 b5 4. cxb5 a6 5. bxa6 Bxa6 6. Nc3 d6 7. e4 Bxf1 8. Kxf1 g6 9. g3 Bg7 10. Kg2 O-O 11. a4 Nbd7 12. Nf3 Qb6 13. Qe2 Rfb8 14. Ra3 Ne8 15. Rd1 Nc7 16. Nd2 Qa6 17. Qxa6 Rxa6 18. Nc4 Rb4 19. Ne3 Bxc3 20. bxc3 Rbxa4 21. Rb3 Kg7 22. c4 Ne8 23. Bb2+ Nef6 24. g4 Ne5 25. f4 Nxc4 26. Nxc4 Rxc4 27. g5 Rc2+ 28. Kg3 Ra2 29. gxf6+ exf6 30. Rb1 Re2 31. e5 fxe5 32. fxe5 dxe5 33. Kf3 Rxh2 34. Bxe5+ f6 35. Bxh2 Rxh2 36. Rd1 Rh3+ 37. Ke4 Rxb3 38. d6 Rb8 39. Kd5 g5 40. Ke6 g4 41. d7 h5 42. d8=Q Rxd8 43. Rxd8 g3 44. Kf5 g2 45. Rd1 c4 46. Rg1 Kf7 47. Rxg2 h4 48. Rc2 Kg7 49. Rxc4 h3 50. Rh4 1-0


[Site "https://www.chess.com"]

[Event "Titled Tuesday Blitz June 28 Early 2022"]
[White "Hoffmann, Asa"]
[Black "Mrudul Dehankar"]
[WhiteFideId "2001470"]
[BlackFideId "25096990"]
[WhiteElo "2117"]
[BlackElo "1766"]
[Result "0-1"]
[Round "07"]
[TimeControl "180+1"]
[Date "2022.06.28"]
[WhiteClock "0:01:45"]
[BlackClock "0:00:05"]

1. d4 Nf6 2. Bg5 c5 3. d5 Ne4 4. Bc1 e6 5. Nc3 Qh4 6. Nxe4 Qxe4 7. dxe6 dxe6 8. Nf3 Nc6 9. c3 Be7 10. g3 O-O 11. Bg2 Rd8 12. Bd2 Qg6 13. O-O e5 14. Qc1 e4 15. Ne1 Be6 16. Nc2 Ne5 17. Ne3 h5 18. Qc2 f5 19. b3 h4 20. Rad1 Bf6 21. c4 Nc6 22. Nd5 Bxd5 23. cxd5 Nd4 24. Qxc5 Rac8 25. Qxa7 Nxe2+ 26. Kh1 hxg3 27. fxg3 Bd4 28. Qxb7 Nxg3+ 0-1


[Site "https://www.chess.com"]

[Event "Titled Tuesday Blitz June 28 Early 2022"]
[White "Horak, Martin"]
[Black "Bommini, Mounika Akshaya"]
[WhiteFideId "367095"]
[BlackFideId "25019872"]
[WhiteElo "1997"]
[BlackElo "1680"]
[Result "0-1"]
[Round "07"]
[TimeControl "180+1"]
[Date "2022.06.28"]
[WhiteClock "0:00:01"]
[BlackClock "0:00:02"]

1. e4 Nc6 2. Nf3 e5 3. Bc4 Nf6 4. d3 Be7 5. O-O O-O 6. Re1 d6 7. c3 Na5 8. Bb5 a6 9. Ba4 b5 10. Bc2 c5 11. d4 Nc6 12. Nbd2 cxd4 13. cxd4 Bg4 14. h3 Bh5 15. Nb3 exd4 16. Nbxd4 Nxd4 17. Qxd4 Bxf3 18. gxf3 Rc8 19. Bb3 Qd7 20. Kh2 Rc5 21. f4 Rh5 22. f5 d5 23. f3 Bd6+ 24. Kg2 dxe4 25. fxe4 Qc7 26. Bd1 Bc5 27. Qc3 Rh4 28. Bf3 h6 29. b4 Nxe4 30. Rxe4 Rxe4 31. Bxe4 Re8 32. Qxc5 Qd8 33. Bf3 Qf6 34. Bf4 Qxa1 35. Qc6 Qb2+ 36. Kg3 Re1 37. Qc8+ Kh7 38. Qc5 Rf1 39. f6 g6 40. Be3 Qb1 41. Qd5 Qe1+ 42. Kg4 h5+ 0-1


[Site "https://www.chess.com"]

[Event "Titled Tuesday Blitz June 28 Early 2022"]
[White "Hu, Merric"]
[Black "Nunez V, Gustavo Eduardo"]
[WhiteFideId "30906660"]
[BlackFideId "4403690"]
[WhiteElo "1912"]
[BlackElo "2228"]
[Result "1-0"]
[Round "07"]
[TimeControl "180+1"]
[Date "2022.06.28"]
[WhiteClock "0:01:58"]
[BlackClock "0:01:10"]

1. Nf3 g6 2. d4 Bg7 3. c4 d6 4. Nc3 Nd7 5. e4 c5 6. Be3 Ngf6 7. h3 O-O 8. Be2 cxd4 9. Nxd4 Nc5 10. f3 Bd7 11. Qd2 a6 12. g4 Rc8 13. g5 Nh5 14. b3 Ng3 15. Rh2 Ne6 16. h4 Nxd4 17. Bxd4 Bxd4 18. Qxd4 Nh5 19. Nd5 Be6 20. f4 Bxd5 21. Bxh5 Qa5+ 22. Kf2 Be6 23. Be2 Qc5 24. Qxc5 Rxc5 25. Ke3 a5 26. h5 Kg7 27. hxg6 fxg6 28. Rah1 Bg8 29. Bd3 e5 30. f5 b5 31. cxb5 a4 32. f6+ Kh8 33. bxa4 Rc3 34. b6 Ra8 35. f7 Bxf7 36. Rxh7+ Kg8 37. Rh8+ Kg7 38. Rxa8 Bc4 39. Rd1 d5 40. exd5 Bxd5 41. b7 Bxb7 42. Ra7 Rc7 43. Be4 Rc3+ 44. Rd3 Rxd3+ 45. Kxd3 Kf7 46. Rxb7+ Ke6 47. a5 Kd6 48. a6 Kc5 49. a7 Kd6 50. a8=Q Kc5 51. Qa5+ Kd6 52. Qd5# 1-0


[Site "https://www.chess.com"]